 Dungeon Crawl Stone Soup version 0.20.1-1-g8b1a95d (webtiles) character file.

73 Linguinho the Sneak (level 4, -2/34 HPs)
             Began as a Demonspawn Assassin on Oct 30, 2017.
             Slain by a worm (8 damage)
             ... on level 3 of the Dungeon.
             The game lasted 00:03:18 (1642 turns).

Linguinho the Sneak (Demonspawn Assassin)           Turns: 1642, Time: 00:03:19

Health: -2/34      AC: 11    Str: 13    XL:     4   Next: 8%
Magic:  4/4        EV:  3    Int: 12    God:
Gold:   106        SH:  0    Dex: 14    Spells: 3/3 levels left

rFire    . . .     SeeInvis .   a - +2 dagger
rCold    . . .     Gourm    .   (no shield)
rNeg     . . .     Faith    .   y - +0 plate armour
rPois    .         Spirit   .   (helmet restricted)
rElec    .         Reflect  .   d - +0 cloak
rCorr    .         Harm     .   (no gloves)
MR       .....                  (no boots)
Stlth    ..........             (no amulet)
Regen    0.2/turn               (no ring)
MPRegen  0.1/turn               (no ring)

@: no status effects
A: horns 1, rot immunity
a: no special abilities


You were on level 3 of the Dungeon.
You were not hungry.

You visited 1 branch of the dungeon, and saw 3 of its levels.

You collected 106 gold pieces.

Inventory:

Hand Weapons
 a - a +2 dagger (weapon)
 b - a +0 blowgun
Missiles
 e - 24 poisoned needles
 f - 2 curare-tipped needles
 w - 8 tomahawks (quivered)
Armour
 d - a +0 cloak (worn)
 y - a +0 plate armour (worn)
Jewellery
 s - a +3 ring of evasion {unknown}
Wands
 t - a wand of acid (7/15)
 u - a wand of polymorph (9/24)
 x - a wand of digging (10/24)
Scrolls
 i - a scroll of enchant armour {unknown}
 k - 2 scrolls of amnesia {unknown}
 l - 2 scrolls of fog {unknown}
 o - 2 scrolls of immolation {unknown}
 p - a scroll of identify {unknown}
 r - 2 scrolls of teleportation {unknown}
Potions
 h - a potion of might {unknown}
 m - a potion of agility {unknown}
 n - 2 potions of curing {unknown}
 q - a potion of degeneration {unknown}
Comestibles
 g - a bread ration
 v - a fruit


   Skills:
 + Level 2.3 Fighting
 + Level 2.3 Short Blades
 - Level 1.7 Throwing
 * Level 1.2 Armour
 + Level 1.0 Dodging
 + Level 4.5 Stealth


You had 3 spell levels left.
You didn't know any spells.

Dungeon Overview and Level Annotations

Branches:
Dungeon (3/15)

Altars:


Innate Abilities, Weirdness & Mutations

You have a pair of small horns on your head.
You are immune to rotting.


Message History

The rat bites you but does no damage.
You hit the worm.
The worm is heavily wounded.
The rat bites you but does no damage. The worm bites you but does no damage.
You see here a +0 chain mail.
You hit the rat.
You kill the rat!
The worm bites you!
Things that are here:
a +0 chain mail; a rat corpse You hit the worm but do no damage.
The worm is moderately wounded.
You hit the worm.
The worm is heavily wounded.
The worm bites you!
* * * LOW HITPOINT WARNING * * *
Your plate armour prevents you from hitting the worm.
The worm is heavily wounded.
The worm bites you!
You die...

#.#.... ....#
....######
.....[...#####
.##.####....[#
..#.#
#####.###
..#.# #...###
# #....
###...##.#
###..
###@..$### #
#.#.
#w........
#.#.
#......?...
...#$.......
#....#.......#
#....#.=....)#
#....#....!..#
.....#.......#
...... #######


You could see a worm.

Vanquished Creatures
  2 adders (D:2)
  A dart slug (D:1)
  2 leopard geckos (D:1)
  8 bats
  2 giant cockroaches (D:1)
  7 goblins
  6 hobgoblins
  8 jackals (D:1)
  A ball python (D:1)
  3 frilled lizards
  2 kobolds (D:1)
  3 rats
45 creatures vanquished.

Notes
Turn   | Place    | Note
-------+----------+-------------------------------------------
     0 | D:1      | Linguinho the Demonspawn Assassin began the quest for the Orb.
     0 | D:1      | Reached XP level 1. HP: 16/16 MP: 1/1
    52 | D:1      | Reached skill level 4 in Stealth
    56 | D:1      | Gained mutation: You have a pair of small horns on your head. [demonic ancestry]
    56 | D:1      | Reached XP level 2. HP: 16/22 MP: 2/2
   350 | D:1      | Reached XP level 3. HP: 13/27 MP: 3/3
  1062 | D:2      | Reached skill level 1 in Armour
  1139 | D:2      | Reached skill level 1 in Dodging
  1463 | D:2      | Gained mutation: You are immune to rotting. [demonic ancestry]
  1463 | D:2      | Reached XP level 4. HP: 34/34 MP: 4/4
  1642 | D:3      | Slain by a worm

Skill      XL: |  1  2  3 |
---------------+----------+-----
Stealth        | 4 |  4.5
Short Blades   | 2 |  2.3
Armour         | 1 |  1.2
Dodging        | 1 |  1.0
Fighting       | |  2.3
Throwing       | |  1.7

Action                   |  1- 3 |  4- 6 || total
-------------------------+-------+-------++-------
Melee: Dagger            |   132 |    17 ||   149
       Headbutt          |    17 |     1 ||    18
 Stab: Sleeping          |     2 |       ||     2
  Eat: Chunk             |     1 |       ||     1
       Bread ration      |       |     1 ||     1
Armor: Robe              |    10 |       ||    10
       Chain mail        |    68 |     2 ||    70
       Plate armour      |       |     7 ||     7
Dodge: Dodged            |    44 |     4 ||    48
